 Dungeon Crawl Stone Soup version 0.27-a0-1281-ge233d83751 (webtiles) character file.

Game seed: 2142760420859199964

32 27snakeeyes612 the Skirmisher (level 3, 0/20 HPs)
             Began as a Vine Stalker Fighter on June 14, 2021.
             Slain by Terence (1 damage)
             ... on level 1 of the Dungeon.
             The game lasted 00:01:23 (1812 turns).

27snakeeyes612 the Skirmisher (VSFi)                Turns: 1812, Time: 00:01:23

Health: 0/20       AC: 11    Str: 19    XL:     3   Next: 27%
Magic:  0/4        EV:  3    Int:  8    God:
Gold:   85         SH:  9    Dex: 13    Spells: 2/2 levels left

rFire    . . .     SeeInvis .   a - +0 war axe
rCold    . . .     Faith    .   c - +0 kite shield
rNeg     . . .     Spirit   +   f - +0 plate armour
rPois    .         Reflect  .   (no helmet)
rElec    .         Harm     .   (no cloak)
rCorr    .         Rampage  .   (no gloves)
Will     .....                  (no boots)
Stlth    ..........             (no amulet)
HPRegen  0.06/turn              (no ring)
MPRegen  0.09/turn              (no ring)

@: mighty
A: fangs 2, magic shield, antimagic bite, no potion heal 2
a: no special abilities


You were on level 1 of the Dungeon.
You visited 1 branch of the dungeon, and saw 2 of its levels.

You collected 85 gold pieces.

Inventory:

Hand Weapons
 a - a +0 war axe (weapon)
Armour
 b - a +0 scale mail
 c - a +0 kite shield (worn)
 f - a +0 plate armour (worn)
Scrolls
 e - a scroll of identify {unknown}
 g - a scroll of magic mapping {unknown}
Potions
 h - a potion of magic {unknown}
 i - a potion of brilliance {unknown}


   Skills:
 + Level 3.0 Fighting
 + Level 2.4 Axes
 + Level 2.6 Armour
 + Level 2.9 Shields


You had 2 spell levels left.
You didn't know any spells.
Your spell library was empty.

Dungeon Overview and Level Annotations

Branches:
Dungeon (2/15)

Altars:

Annotations:
D:1 Terence
D:2 Sigmund


Innate Abilities, Weirdness & Mutations

You have extremely sharp teeth.
When hurt, damage is shared between your health and your magic reserves.
Your bite disrupts and absorbs the magic of your enemies.
Potions cannot restore your health.


Message History

Sigmund hits you but does no damage.
You hit Sigmund. Your bite misses Sigmund.
Sigmund is lightly wounded.
Sigmund hits you but does no damage. You block Sigmund's attack.
You slash Sigmund! You bite Sigmund.
Sigmund's magic leaks into the air.
You drain his magic.
Sigmund is heavily wounded.
Sigmund hits you with a +0 scythe.
You closely miss Sigmund. Your bite misses Sigmund.
Sigmund is heavily wounded.
You block Sigmund's attack. Sigmund hits you with a +0 scythe!
You hit Sigmund but do no damage.
Sigmund is heavily wounded.
You hit Terence. Terence barely misses you.
Sigmund hits you but does no damage.
Terence screams, "I'm going to kill you!"
Terence hits you with a +0 flail of protection.
Sigmund hits you with a +0 scythe.
Sigmund falters for a moment.
Sigmund hits you but does no damage.
Sigmund falters for a moment.
There is a stone staircase leading up here.
You block Terence's attack.
You climb upwards.
There is a stone staircase leading down here.
Terence hits you with a +0 flail of protection.
* * * LOW HITPOINT WARNING * * *
You feel very mighty all of a sudden.
Terence hits you with a +0 flail of protection.
* * * LOW HITPOINT WARNING * * *
You closely miss Terence.
Terence is moderately wounded.
Terence hits you with a +0 flail of protection.
* * * LOW HITPOINT WARNING * * *
Terence hits you with a +0 flail of protection.
* * * LOW HITPOINT WARNING * * *
You closely miss Terence. Your bite misses Terence.
Terence is moderately wounded.
Terence hits you with a +0 flail of protection.
You die...

####..♣♣♣.♣♣♣♣♣......
#.....♣ ♣♣♣♣♣♣♣.###.#
#.....♣ ♣♣♣_.♣♣.# #.#
#....♣♣ ♣.♣.♣.♣.###.#
####...♣♣ ♣♣♣.♣♣♣♣.....#
#>.'....♣♣♣.♣..♣.♣......
#.##...♣.♣♣.♣♣♣.♣♣.###.#
#.....@♣♣♣.♣...♣♣.......
#######@.♣.♣♣♣♣♣♣.......
##.♣.....♣.♣.#####
####### ####....♣.♣.##
#.....#
#......).(..######
#.)...#
#......#####......
#.....# #......# #######
#.....# #......####
#.....# #.....)...#
#.....#####.........#


You could see Terence.

Vanquished Creatures
  A worm (D:2)
  2 ball pythons (D:1)
  3 endoplasms
  2 giant cockroaches
  2 goblins (D:1)
  5 hobgoblins
  2 jackals (D:1)
  A quokka (D:2)
  A frilled lizard (D:1)
  3 kobolds (D:1)
  5 rats (D:1)
27 creatures vanquished.

Notes
Turn   | Place    | Note
-------+----------+-------------------------------------------
     0 | D:1      | 27snakeeyes612 the Vine Stalker Fighter began the quest for
                  | the Orb.
     0 | D:1      | Reached XP level 1. HP: 11/11 MP: 2/2
   355 | D:1      | Reached XP level 2. HP: 12/16 MP: 3/3
   645 | D:1      | Reached skill level 3 in Fighting
   964 | D:1      | Found a faded altar of an unknown god.
  1145 | D:2      | Noticed Sigmund
  1285 | D:2      | Reached XP level 3. HP: 20/20 MP: 4/4
  1780 | D:2      | Noticed Terence
  1811 | D:1      | HP: 1/20 [Terence (2)]
  1812 | D:1      | Slain by Terence

Illustrated notes

Levels and vault maps discovered:
D:1:      erik_arrival_cave_to_civilisation [erik_arrival_cave_to_temple],
          layout_basic, chequers_ecumenical_altar_grove
D:2:      layout_basic, serial_glass, glass_columns_a, glass_columns_a,
          uniq_terence, uniq_sigmund

Skill      XL: |  1  2 |
---------------+-------+-----
Axes           | 2 |  2.4
Fighting       | 3 |  3.0
Armour         | |  2.6
Shields        | |  2.9

Action                   || total
-------------------------++-------
Melee: War axe           ||    60
       Bite              ||    13
  Use: Potion            ||     1
Armor: Scale mail        ||     7
       Plate armour      ||    34
Dodge: Dodged            ||     7
Block: Kite shield       ||    28

Table legend: (Time is in decaauts)
 A = Elapsed time spent in this place.
 B = Non-inter-level travel time spent in this place.
 C = Inter-level travel time spent in this place.
 D = Time resting spent in this place.
 E = Time spent auto-exploring this place.
 F = Levels seen in this place.
 G = Mean time per level.
                   A        B        C        D        E       F      G
               +--------+--------+--------+--------+--------+-----+--------+
         Total |   1852 |   1556 |    296 |    201 |   1107 |   2 |  926.0 |
       Dungeon |   1852 |   1556 |    296 |    201 |   1107 |   2 |  926.0 |
               +--------+--------+--------+--------+--------+-----+--------+

Top non-repeatable levels by time:
     D:1: 1646 daAuts
     D:2: 206 daAuts
